Map: Prion Terraces

Players

Form

  • Race: Zerg Zerg
  • League: Diamond

LilDicky - Winner!

  • Race: Terran Terran
  • League: Diamond

VOD

http://www.twitch.tv/tumescentpie

Description

Time

  • Played on: Dec. 7, 2015, 3:43 p.m.
  • Length: 20:10
Show
View Real Time Build Order
Export as new Build Order

Form Zerg 

Build Orders: Pool First 

Get SALT Encoding   

  12  0:17  Spawning Pool  
  11  0:29  Drone  
  12  0:35  Overlord  
  12  0:50  Drone, Extractor  
  13  1:04  Zergling x6  
  16  1:17  Zergling x2  
  17  1:23  Hatchery  
  16  1:29  Drone  
  17  1:37  Queen  
  19  1:43  Drone  
  20  1:54  Drone  
  20  2:09  Drone  
  20  2:11  Drone  
  21  2:25  Extractor  
  21  2:28  Drone  
  21  2:33  Overlord  
  21  2:35  Queen  
  23  2:38  Drone  
  24  2:44  Drone  
  25  2:52  Drone, Extractor  
  25  2:53  Drone x2  
  25  2:58  Drone x2  
  29  3:11  Baneling Nest  
  28  3:15  Drone x2  
  28  3:16  Queen  
  32  3:30  Queen  
  32  3:32  Drone  
  32  3:33  Drone  
  36  3:41  Spore Crawler  
  35  3:44  Spore Crawler  
  35  3:45  Drone x2  
  36  4:01  Overlord  
  36  4:02  Overlord  
  36  4:19  Queen  
  36  4:20  Drone  
  36  4:21  Drone x5  
  44  4:28  Metabolic Boost  
  43  4:34  Roach Warren  
  43  4:35  Drone x3, Queen  
  45  4:48  Zergling x12  
  51  4:55  Queen  
  51  5:03  Zergling x4  
  49  5:11  Queen  
  46  5:24  Roach x2  
  50  5:37  Overlord x2  
  50  5:38  Overlord  
  50  5:45  Drone  
  51  5:51  Hatchery  
  51  5:55  Queen x2  
  54  6:01  Roach  
  54  6:02  Roach x6  
  66  6:12  Ravager x2  
  66  6:31  Queen  
  40  6:43  Ravager  
  39  6:47  Roach x2  
  39  6:48  Roach x4  
  49  6:54  Ravager x2  
  51  7:05  Roach  
  53  7:28  Lair  
  53  7:37  Hatchery  
  53  7:44  Ravager x3  
  54  7:45  Ravager x3  
  54  7:50  Zergling x4  
  60  8:08  Overlord x4  
  60  8:25  Queen  
  62  8:29  Zergling x14  
  50  9:06  Zergling x2  
  50  9:07  Zergling x24  
  50  9:19  Roach x2  
  51  9:28  Baneling x8  
  51  9:29  Baneling  
  51  9:40  Roach x2  
  51  9:42  Ravager  
  56  9:50  Roach  
  43  10:07  Zergling x2  
  43  10:08  Zergling x12  
  43  10:11  Drone  
  43  10:12  Drone  
  51  10:21  Ravager  
  51  10:22  Ravager x3  
  51  10:26  Zergling x6  
  55  10:34  Zergling x6  
  55  10:35  Zergling x2  
  53  10:47  Drone x3  
  53  10:48  Drone x2  
  58  10:50  Extractor  
  58  10:57  Drone, Hydralisk Den  
  57  11:05  Baneling x4  
  57  11:06  Baneling x3  
  57  11:13  Drone x3  
  57  11:28  Drone x5  
  56  11:40  Roach x3  
  62  11:54  Hydralisk  
  62  11:55  Hydralisk x3  
  69  12:12  Ravager  
  69  12:13  Ravager  
  69  12:14  Roach x5  
  70  12:46  Overlord x3  
  70  12:47  Overseer x2  
  70  12:51  Drone x5  
  70  12:52  Drone x3  
  70  12:54  Queen, Extractor  
  79  13:02  Drone x3  
  79  13:04  Extractor  
  77  13:30  Queen  
  81  13:34  Ravager x5  
  81  13:38  Zergling x22  
  95  13:53  Extractor  
  94  13:56  Zergling x8  
  94  13:57  Zergling x6  
  84  14:18  Drone x6  
  86  14:27  Drone x7  
  93  14:35  Lurker Den  
  93  14:39  Hatchery  
  92  14:48  Queen  
  92  14:50  Roach x6  
  85  15:25  Roach x11  
  90  15:48  Glial Reconstitution  
  90  15:49  Hydralisk  
  90  15:50  Hydralisk x2  
  90  15:52  Evolution Chamber x2  
  92  16:00  Ravager x2  
  92  16:01  Ravager x6  
  97  16:27  Drone x2  
  97  16:28  Drone x5  
  97  16:30  Extractor  
  97  16:31  Spine Crawler, Extractor  
  99  16:33  Spine Crawler  
  99  16:34  Spore Crawler, Spine Crawler  
  99  16:36  Overseer x2  
  96  16:53  Zergling x2  
  96  16:54  Zergling x2  
  98  16:55  Overlord  
  98  16:56  Overlord x3  
  98  17:00  Overlord x2  
  92  17:21  Zergling x6  
  92  17:22  Zergling x12  
  101  17:34  Hydralisk x2  
  88  18:02  Zergling x12  
  87  18:10  Queen  
  88  18:20  Drone x5  
  88  18:21  Drone  
  88  18:42  Zergling x8  
  88  18:43  Zergling x6  
  79  19:06  Hydralisk x6  
  89  19:11  Hatchery  
  89  19:12  Hatchery  
  87  19:17  Roach x3  
  93  19:25  Queen  
  93  19:30  Roach x4  
  99  19:32  Baneling x4  
  99  19:33  Baneling x10  
  99  19:37  Ravager x2  
  101  19:39  Zergling x2  
  101  19:40  Zergling x6  
Show
View Real Time Build Order
Export as new Build Order

LilDicky Terran - Winner!

Build Orders: Liberator Opening, Mech 

Get SALT Encoding   

  12  0:01  SCV  
  13  0:14  SCV  
  13  0:19  Supply Depot  
  14  0:26  SCV  
  15  0:31  Refinery  
  15  0:41  SCV  
  16  0:49  Barracks  
  16  0:53  SCV  
  17  1:02  Refinery  
  17  1:05  SCV  
  18  1:17  SCV  
  19  1:29  SCV  
  20  1:37  Supply Depot  
  20  1:38  Marine  
  21  1:42  Factory  
  21  1:48  Orbital Command  
  21  1:58  Barracks Reactor  
  20  2:20  SCV  
  21  2:30  Starport  
  21  2:31  Armory  
  21  2:33  SCV  
  21  2:34  Factory Tech Lab  
  22  2:39  Marine  
  22  2:43  Marine  
  24  2:48  SCV  
  25  2:56  Supply Depot  
  25  2:58  Marine  
  26  3:03  Marine  
  27  3:11  SCV  
  28  3:24  Thor  
  34  3:28  Medivac  
  34  3:31  SCV  
  37  3:37  Marine  
  39  3:45  Supply Depot  
  39  3:50  Liberator  
  39  4:01  Marine  
  39  4:07  Supply Depot, Marine  
  43  4:13  Siege Tank  
  43  4:14  SCV  
  47  4:25  Supply Depot  
  47  4:29  Marine x2  
  49  4:45  Siege Tank  
  50  4:47  Marine x2  
  52  5:11  Medivac  
  54  5:21  Command Center  
  48  5:34  Thor  
  54  5:48  Command Center  
  54  5:49  Refinery  
  54  5:51  Refinery  
  53  6:19  Thor  
  38  6:53  SCV  
  39  6:55  Orbital Command  
  39  6:58  Factory  
  39  7:00  Medivac  
  41  7:02  Orbital Command  
  41  7:05  SCV  
  42  7:18  SCV  
  43  7:27  Siege Tank  
  46  7:37  SCV  
  46  7:43  Liberator  
  47  7:47  Factory Tech Lab  
  47  7:59  Factory  
  47  8:02  Thor  
  56  8:07  SCV  
  56  8:11  SCV x2  
  60  8:20  SCV  
  60  8:22  Terran Vehicle And Ship Armor Level 1  
  60  8:23  SCV x2  
  62  8:46  Hellion x2  
  62  8:47  Hellion x2  
  67  8:50  Supply Depot  
  54  9:03  Liberator  
  54  9:08  Hellion  
  56  9:11  SCV  
  57  9:18  Hellion x3  
  66  9:28  SCV  
  66  9:29  SCV  
  68  9:39  SCV  
  68  9:40  SCV  
  68  9:41  Hellion  
  55  10:33  SCV x2  
  55  10:35  Siege Tank x2  
  63  10:37  Hellion, Starport Reactor  
  63  10:38  Marine  
  63  10:39  SCV  
  61  10:45  SCV  
  62  10:56  Marine  
  63  10:59  SCV x2  
  63  11:02  Widow Mine x2  
  69  11:04  SCV  
  70  11:14  Marine  
  71  11:20  Liberator  
  71  11:21  Liberator  
  71  11:31  Marine  
  72  11:39  Thor x2  
  82  11:50  Hellion x2  
  82  11:54  SCV  
  84  12:22  Siege Tank x2  
  72  12:48  SCV, Hellion x2  
  78  12:54  Thor x2  
  78  12:57  Orbital Command  
  89  12:59  Factory  
  89  13:02  Factory  
  89  13:09  Hellion x2  
  91  13:27  SCV x2  
  91  13:28  Refinery  
  91  13:34  Refinery  
  93  13:37  Siege Tank x2  
  93  13:39  SCV x2  
  101  13:43  Refinery  
  101  13:47  Orbital Command  
  100  13:50  Liberator  
  100  13:51  Refinery  
  101  14:10  Liberator  
  101  14:14  Factory Reactor  
  101  14:15  Factory Reactor  
  101  14:16  Supply Depot  
  101  14:18  Supply Depot  
  101  14:20  Hellion  
  101  14:21  Hellion  
  101  14:25  Hellion x2  
  101  14:30  Marine  
  101  14:41  Hellion  
  101  14:43  Hellion  
  105  14:46  Hellion  
  105  14:49  Hellion  
  105  14:51  Infernal Pre-Igniter  
  109  14:54  SCV  
  109  14:55  Supply Depot  
  108  15:03  Hellion  
  87  15:22  Orbital Command  
  67  15:36  Thor x2  
  67  15:37  Hellion x4  
  85  16:09  Hellion  
  85  16:10  Hellion x3  
  85  16:11  Hellion x2  
  91  16:19  Thor x2  
  103  16:28  Marine  
  103  16:31  Hellion  
  103  16:32  Hellion  
  108  16:38  Hellion x4  
  116  16:46  Marine  
  117  17:04  Liberator x2  
  115  17:22  SCV x2  
  119  17:23  SCV  
  120  17:34  SCV x2  
  120  17:35  SCV  
  123  17:46  SCV x2  
  123  17:47  SCV  
  106  17:58  SCV  
  106  18:02  Thor  
  106  18:05  Hellion x6  
  119  18:06  Hellion, Liberator x2  
  116  18:18  Marine  
  117  18:24  SCV x2  
  125  18:40  Refinery  
  122  18:45  Refinery x2  
  122  18:56  Thor, Orbital Command  
  122  18:58  Thor  
  122  19:10  Hellion x3  
Tags
 
Add a new tag
Caveats
  • Supply blocks, unpowered buildings, or Contaminate may cause inaccurate times.
  • Supply counts are checked every 10 seconds.